 Dungeon Crawl Stone Soup version 0.32-a0-128-g77eb882913 (webtiles) character file.

Game seed: 4372850931235010803

4 Esekla the Sneak (level 1, -1/16 HPs)
             Began as an Octopode Delver on Feb 8, 2024.
             Slain by an ufetubus (3 damage)
             ... on level 5 of the Dungeon.
             The game lasted 00:02:13 (73 turns).

Esekla the Sneak (Octopode Delver)                    Turns: 73, Time: 00:02:14

Health: -1/16      AC:  1    Str: 11    XL:     1   Next: 60%
Magic:  1/1        EV: 13    Int: 12    God:
Gold:   7          SH:  0    Dex: 13    Spells: 0/0 levels left

rFire   . . .        a - +0 falchion
rCold   . . .        (no shield)
rNeg    . . .        (helmet restricted)
rPois   .            (no amulet)
rElec   .            (no ring)
rCorr   .            (no ring)
SInv    .            (no ring)
Will    .....        (no ring)
Stlth   ++++         (no ring)
HPRegen 0.22/turn    (no ring)
MPRegen 0.07/turn    (no ring)
                     (no ring)

%: no passive effects
@: no status effects
A: almost no armour, amphibious, 8 rings, camouflage 1, gelatinous body 1,
(nimble swimmer 1), tentacles
a: no special abilities


You were on level 5 of the Dungeon.
You visited 2 branches of the dungeon, and saw 2 of its levels.

You collected 7 gold pieces.

Inventory:

Hand Weapons
 a - a +0 falchion (weapon)
Wands
 f - a wand of digging (3)
Scrolls
 b - a scroll of fog
Potions
 e - a potion of haste


   Skills:
 * Level 3.0 Fighting
 + Level 2.0 Long Blades
 * Level 2.0 Dodging
 + Level 6.7 Stealth
 * Level 0.1 Spellcasting


You couldn't memorise any spells.
You didn't know any spells.
Your spell library was empty.

Dungeon Overview and Level Annotations

Branches:
Dungeon (5/15)             Temple (1/1) D:5

Altars:
Ashenzari
Cheibriados
Dithmenos
Elyvilon
Fedhas
Gozag
Hepliaklqana
Kikubaaqudgha
Makhleb
Nemelex Xobeh
Okawaru
Qazlal
Ru
Sif Muna
Trog
Uskayaw
Vehumet
Wu Jian
Xom
Yredelemnul
The Shining One

Annotations:
Temple 2 transporters


Innate Abilities, Weirdness & Mutations

You cannot wear most types of armour.
You are amphibious.
You can wear up to eight rings at the same time.
Your skin changes colour to match your surroundings (Stealth+).
Your rubbery body absorbs attacks. (AC +1, EV +1)
((You are camouflaged when in or above water. (Stealth+)))
You have tentacles for arms and can constrict up to eight enemies at once.


Message History

The orc shouts!
The orc hits you with a +0 dagger. The orc attacks as it pursues you!
The orc hits you with a +0 falchion!
As you read the scroll of fear, it crumbles to dust.
You assume a fearsome visage.
The orc looks frightened! x3
Cornered, the orc turns to fight!
An ufetubus comes into view.
An ufetubus comes into view.
Found an opulent altar of Gozag.
Found a stone staircase leading up.
Found a stone staircase leading up.
A hound comes into view.
There is a stone staircase leading up here.
Found a falchion.
Found a snail-covered altar of Cheibriados.
You closely miss the orc. Your grab misses the orc. The orc misses you.
You hit the orc but do no damage. Your grab misses the orc. The orc misses you.
The ufetubus shouts!
You slash the orc!
You kill the orc!
You hear a bark!
The orc misses you.
You hear a bark!
You hit the orc. Your grab misses the orc. You tentacle-slap the orc.
You kill the orc!
You barely miss the ufetubus. Your grab misses the ufetubus.
The ufetubus closely misses you. The ufetubus barely misses you. x2
The ufetubus hits you.
You completely miss the ufetubus. You grab the ufetubus.
You constrict the ufetubus, but do no damage.
The ufetubus slips past you! The ufetubus hits you.
The ufetubus barely misses you. The ufetubus hits you.
* * * LOW HITPOINT WARNING * * *
The ufetubus barely misses you.
You hit the ufetubus.
The ufetubus is lightly wounded.
You constrict the ufetubus. The ufetubus hits you.
* * * LOW HITPOINT WARNING * * *
The ufetubus misses you. x2; The ufetubus hits you.
You die...

*,,,,,,,.....**
*,,...).......#############
*,,..._..⌠.._.#............
*,,...........5.o...o.o....
*,,,,........##.######...##
*,,,,,....,,,*#.# #....#*
***#.###..,***#.# #...o#*
#......#####.## #.#.##,
*****#5@<5....#**#.###,*
#####..#......**,*,
******#..######.#*,*,*
*,,,,*#.## *,**,*,**
***,,,,,#.**** ***,*,**,
**,,,,,,,..,,,****,*,**,*
**,,,,,,,..<,,,,**,*,**,*,
*,,,,,,,....,,,,*,*,**,*,*
*,,,,,>.....,,,,,*,**,*,**


You could see 2 ufetubi.

Vanquished Creatures
  2 orcs (D:5)
2 creatures vanquished.

Notes
Turn   | Place    | Note
-------+----------+-------------------------------------------
     0 | D:5      | Esekla the Octopode Delver began the quest for the Orb.
     0 | D:5      | Reached XP level 1. HP: 16/16 MP: 1/1
     4 | D:5      | Found a staircase to the Ecumenical Temple.
    12 | Temple   | Found a transporter.
    12 | Temple   | Found a transporter.
    12 | Temple   | Found a transporter.
    12 | Temple   | Found a transporter.
    12 | Temple   | Entered the Ecumenical Temple
    17 | D:5      | Noticed a bombardier beetle
    50 | D:5      | Found an opulent altar of Gozag.
    58 | D:5      | Noticed a hound
    62 | D:5      | Found a snail-covered altar of Cheibriados.
    73 | D:5      | Slain by an ufetubus

Illustrated notes

Levels and vault maps discovered:
D:5:      minmay_inner_zag, layout_rooms, grunt_temple_overflow_open,
          minmay_temple_entry_overgrown, minmay_hedge_maze, grunt_decor_clamped,
          uniq_duvessa
Temple:   hellmonk_temple_divided_pantheon

Action                     || total
---------------------------++-------
  Melee: Falchion          ||     7
         Constrict         ||     1
         Punch             ||     1
    Use: Scroll            ||     2
 Armour: Skin              ||     7
  Dodge: Dodged            ||    10

Table legend: (Time is in decaauts)
 A = Elapsed time spent in this place.
 B = Non-inter-level travel time spent in this place.
 C = Inter-level travel time spent in this place.
 D = Time resting spent in this place.
 E = Time spent auto-exploring this place.
 F = Levels seen in this place.
 G = Mean time per level.
                   A        B        C        D        E       F      G
               +--------+--------+--------+--------+--------+-----+--------+
         Total |     74 |     74 |      0 |      0 |      0 |   2 |   37.0 |
       Dungeon |     72 |     72 |      0 |      0 |      0 |   1 |   72.0 |
        Temple |      1 |      1 |      0 |      0 |      0 |   1 |    1.0 |
               +--------+--------+--------+--------+--------+-----+--------+

Top non-repeatable levels by time:
     D:5: 72 daAuts
  Temple: 1 daAuts
